 Seeded DCSS version 0.25-a0-719-gde951dc (webtiles) character file.

Game seed: 1210568510626304625, levelgen mode: deterministic

861 Illumine the Ruffian (level 7, -2/59 HPs)
             Began as a Troll Wizard on Apr 6, 2020.
             Blown up by Ijyb (33 damage)
             ... with a disintegration bolt
             ... on level 5 of the Dungeon.
             The game lasted 00:13:04 (4864 turns).

Illumine the Ruffian (Troll Wizard)                 Turns: 4864, Time: 00:13:04

Health: -2/59      AC:  6    Str: 16    XL:     7   Next: 71%
Magic:  9/11       EV:  9    Int: 16    God:
Gold:   253        SH:  0    Dex:  8    Spells: 7/13 levels left

rFire    . . .     SeeInvis .     - Unarmed
rCold    . . .     Gourm    +   (no shield)
rNeg     . . .     Faith    .   a - +0 robe
rPois    .         Spirit   .   b - +0 hat
rElec    .         Reflect  .   (no cloak)
rCorr    .         Harm     .   (gloves unavailable)
MR       .....                  (boots unavailable)
Stlth    ++........             (no amulet)
HPRegen  0.59/turn              j - ring of stealth
MPRegen  0.12/turn              (no ring)

@: no status effects
A: large, unfitting armour, claws 3, fast metabolism 3, gourmand, regeneration
1, shaggy fur 1, tough skin 3
a: no special abilities


You were on level 5 of the Dungeon.
You were completely stuffed.

You visited 1 branch of the dungeon, and saw 5 of its levels.
You also visited: Sewer.

You collected 253 gold pieces.

Inventory:

Missiles
 h - 74 stones (quivered)
 w - 11 poisoned darts
 A - 2 throwing nets
 B - 4 boomerangs
 E - 4 curare-tipped darts
Armour
 a - a +0 robe (worn)
 b - a +0 hat (worn)
Jewellery
 j - a ring of stealth (left claw)
 l - a +4 ring of strength
Wands
 x - a wand of flame (47)
Scrolls
 c - 9 scrolls of identify {unknown}
 f - 4 scrolls of enchant weapon {unknown}
 g - 8 scrolls of remove curse {unknown}
 k - 2 scrolls of immolation {unknown}
 p - 3 scrolls of teleportation {unknown}
 s - a scroll of magic mapping {unknown}
 t - 3 scrolls of enchant armour {unknown}
 u - a scroll of blinking {unknown}
 v - a scroll of random uselessness {unknown}
 y - 2 scrolls of fog {unknown}
Potions
 e - 3 potions of curing
 i - a potion of degeneration {unknown}
 m - 2 potions of magic {unknown}
 n - a potion of might {unknown}
 o - 4 potions of heal wounds {unknown}
 q - 3 potions of resistance
 r - a potion of stabbing {unknown}
 z - 2 potions of flight {unknown}
 C - a potion of lignification {unknown}
Comestibles
 d - 7 rations
 D - 2 chunks of flesh


   Skills:
 - Level 1.5 Dodging
 - Level 1.0 Stealth
 + Level 4.8 Unarmed Combat
 + Level 3.9 Spellcasting
 + Level 3.5 Conjurations
   Level 0.6 Summonings
 - Level 0.6 Translocations


You had 7 spell levels left.
You knew the following spells:

 Your Spells              Type           Power        Failure   Level  Hunger
a - Magic Dart            Conj           ##..         4%          1    None
b - Blink                 Tloc           N/A          21%         2    ##.....
c - Conjure Flame         Conj/Fire      #.......     24%         3    ###....

Your spell library contained the following spells:

 Spells                   Type           Power        Failure   Level  Hunger
 Call Imp                 Summ           #.......     21%         2    ##.....
 Slow                     Hex            #.......     26%         2    ##.....
 Mephitic Cloud           Conj/Pois/Air  #.......     32%         3    ###....


Dungeon Overview and Level Annotations

Branches:
Dungeon (5/15)              Sewer (visited)
 Temple: D:4-7

Altars:
Trog

Annotations:
D:4 2 transporters
D:5 1 transporter, Ijyb


Innate Abilities, Weirdness & Mutations

You are too large for most types of armour.
You have claws for hands.
Your metabolism is lightning-fast.
You like to eat raw meat.
Your natural rate of healing is unusually fast.
You are covered in fur. (AC +1)
You have extremely tough skin. (AC +3)


Message History

Casting: Magic Dart (safe; 4% risk of failure)
Confirm with . or Enter, or press ? or * to list all spells.
Aiming: Magic Dart (safe; 4% risk of failure)
Press: ? - help, Shift-Dir - straight line, f/p - hound
Aim: a hound (lightly wounded)
The magic dart hits the hound but does no damage.
The hound is lightly wounded.
The hound stops to sniff the ground.
The hound closely misses you.
You barely miss the hound.
The hound is lightly wounded.
The hound bites you.
Ijyb zaps a wand.
You are blasted!
The hound bites you.
You claw the hound!
The hound is severely wounded.
The hound barely misses you.
You closely miss the hound.
The hound is severely wounded.
The hound bites you but does no damage.
Ijyb zaps a wand.
You are blasted!
Ouch! That really hurt!
You die...

....#.# #.... ###.#.#
#.#.## #.#.# #.#.#
#.#.# #.#.#
#.#.#######.#.#######
#...รท...........>....
###............####
#########.##.###.##
#.##@..>..#
#.#.gh###... #......#
#........ #......###
#....... ####.#### #.#


You could see Ijyb and a hound.

Vanquished Creatures
  A big kobold (Sewer)
  A scorpion (D:5)
  A howler monkey (D:4)
  A crimson imp (D:5)
  4 orc wizards
  An orc priest (D:4)
  An iguana (D:4)
  9 worker ants
  A hound skeleton (D:5)
  A hound zombie (D:5)
  3 gnolls
  9 adders
  3 river rats
  A worm (D:5)
  2 dart slugs (D:1)
  A leopard gecko (D:4)
  14 orcs
  6 bats
  3 giant cockroaches (D:4)
  6 goblins
  6 hobgoblins
  11 jackals
  7 kobolds
  A quokka (D:2)
  3 ball pythons
  A frilled lizard (D:1)
  11 rats
109 creatures vanquished.

Vanquished Creatures (others)
  An orc wizard (D:4)
1 creature vanquished.

Grand Total: 110 creatures vanquished

Notes
Turn   | Place    | Note
-------+----------+-------------------------------------------
     0 | D:1      | Illumine the Troll Wizard began the quest for the Orb.
     0 | D:1      | Reached XP level 1. HP: 16/16 MP: 2/2
    90 | D:1      | Reached skill level 1 in Unarmed Combat
   118 | D:1      | Reached XP level 2. HP: 24/24 MP: 2/4
   142 | D:1      | Learned a level 2 spell: Blink
   896 | D:1      | Reached XP level 3. HP: 27/31 MP: 2/5
  1610 | D:2      | Reached skill level 2 in Unarmed Combat
  2103 | D:3      | Reached skill level 1 in Conjurations
  2138 | D:3      | Learned a level 3 spell: Conjure Flame
  2171 | D:3      | Reached XP level 4. HP: 32/39 MP: 1/6
  2420 | D:3      | Found a faded altar of an unknown god.
  2765 | D:3      | Found a bloodstained altar of Trog.
  3025 | D:4      | Reached XP level 5. HP: 45/45 MP: 2/8
  3122 | D:4      | Reached skill level 3 in Unarmed Combat
  3190 | D:4      | Reached XP level 6. HP: 49/53 MP: 6/9
  3341 | D:4      | Found a glowing drain.
  3345 | Sewer    | Entered a sewer
  3577 | Sewer    | Found a white marble altar of Elyvilon.
  3722 | D:4      | Noticed a kobold demonologist
  3725 | D:4      | Found a transporter.
  3729 | D:4      | Found a transporter.
  3786 | D:4      | Reached skill level 4 in Unarmed Combat
  3786 | D:4      | Reached XP level 7. HP: 45/59 MP: 6/11
  4499 | D:5      | Entered Level 5 of the Dungeon
  4655 | D:5      | Found a transporter.
  4858 | D:5      | Noticed Ijyb
  4864 | D:5      | Blown up by Ijyb

Levels and vault maps discovered:
D:1:      tarquinn_simple_flora_water_a, layout_loops_corners
D:2:      layout_basic
D:3:      layout_loops_cross, chequers_ecumenical_altar_twisty, trog_book
D:4:      gammafunk_wand_slinger, layout_basic, gup_sewer_entry_spiral
D:5:      gammafunk_cloud_chamber, layout_loops_ring, first_ration,
          corexii_shack, uniq_ijyb

Skill      XL: |  1  2  3  4  5  6  7 |
---------------+----------------------+-----
Unarmed Combat | 1 2 3 4 |  4.8
Conjurations   | 1 2 3 |  3.5
Spellcasting   | 3 |  3.9
Dodging        | |  1.5
Stealth        | |  1.0
Summonings     | |  0.6
Translocations | |  0.6

Action                   |  1- 3 |  4- 6 |  7- 9 || total
-------------------------+-------+-------+-------++-------
Melee: Unarmed           |    69 |   194 |   110 ||   373
 Cast: Magic Dart        |    61 |    49 |    42 ||   152
  Eat: Chunk             |    16 |    15 |    14 ||    45
       Ration            |     1 |     1 |       ||     2
Armor: Robe              |    22 |    63 |    38 ||   123
Dodge: Dodged            |    25 |    68 |    46 ||   139

Table legend:
 A = Non-vault XP
 B = Vault XP
 C = Vault XP percentage of total XP
 D = Non-vault monster count
 E = Vault monster count
 F = Vault count percentage of total count
                 A         B        C        D         E       F
            +---------+---------+-------+---------+---------+-------
      Total |    1068 |     162 |  13.2 |      92 |      18 |  16.4
            +---------+---------+-------+---------+---------+-------
        D:1 |      47 |       0 |   0.0 |      26 |       0 |   0.0
        D:2 |      23 |       0 |   0.0 |       8 |       0 |   0.0
        D:3 |     128 |       0 |   0.0 |       9 |       0 |   0.0
        D:4 |     609 |      22 |   3.5 |      36 |       6 |  14.3
        D:5 |     261 |       2 |   0.8 |      13 |       1 |   7.1
      Sewer |       0 |     138 | 100.0 |       0 |      11 | 100.0
            +---------+---------+-------+---------+---------+-------
